 Dungeon Crawl Stone Soup version 0.28.0-49-g6dfe1f597d (webtiles) character file.

Game seed: 8253252645218717833

46 Gabide the Ducker (level 3, -2/29 HPs)
             Began as a Human Monk on May 12, 2022.
             Was a Believer of Ru.
             Shot with a stone by a goblin (4 damage)
             ... led by Robin
             ... on level 2 of the Dungeon.
             The game lasted 00:03:05 (2254 turns).

Gabide the Ducker (Human Monk)                      Turns: 2254, Time: 00:03:06

Health: -2/29      AC:  2    Str: 11    XL:     3   Next: 95%
Magic:  3/3        EV: 13    Int: 10    God:    Ru [**....]
Gold:   32         SH:  0    Dex: 17    Spells: 2/2 levels left

rFire   x . .      SeeInvis .   a - +0 spear
rCold   x . .      Faith    .   (no shield)
rNeg    . . .      Spirit   .   b - +0 robe
rPois   .          Reflect  .   (no helmet)
rElec   .          Harm     .   (no cloak)
rCorr   .          Rampage  .   (no gloves)
Will    .....                   (no boots)
Stlth   ++........              (no amulet)
HPRegen 0.09/turn               (no ring)
MPRegen 0.08/turn               (no ring)

@: no status effects
A: temperature sensitive
a: Renounce Religion


You were on level 2 of the Dungeon.
You worshipped Ru.
Ru was pleased with you.
You visited 1 branch of the dungeon, and saw 2 of its levels.

You collected 32 gold pieces.

Inventory:

Hand Weapons
 a - a +0 spear (weapon)
Missiles
 e - 5 javelins (quivered)
Armour
 b - a +0 robe (worn)
Scrolls
 c - a scroll of enchant weapon {unknown}
Potions
 d - a potion of haste {unknown}


   Skills:
 * Level 3.5 Fighting
 * Level 3.4 Polearms
 + Level 0.3 Throwing
 * Level 3.6 Dodging
 - Level 2.0 Stealth


You had 2 spell levels left.
You didn't know any spells.
Your spell library contained the following spells:

 Spells                   Type           Power      Damage    Failure   Level
 Summon Ice Beast         Ice/Summ       0%         N/A       98%         4
 Summon Mana Viper        Hex/Summ       0%         N/A       100%        5
 Monstrous Menagerie      Summ           0%         N/A       100%        7


Dungeon Overview and Level Annotations

Branches:
Dungeon (2/15)

Altars:
Ru

Annotations:
D:2 Robin


Innate Abilities, Weirdness & Mutations

You are sensitive to extremes of temperature. (rF-, rC-)


Message History

You hit Robin but do no damage.
Robin is severely wounded.
A goblin comes into view. It is wielding a +0 club.
Robin throws the goblin at you!
You barely miss Robin.
Robin is severely wounded.
Robin roars a battlecry!
The goblin goes into a battle-frenzy!
The goblin hits you but does no damage.
You closely miss Robin.
Robin is severely wounded.
The goblin hits you with a +0 club.
You are too injured to fight recklessly!
You are too injured to fight recklessly!
You are too injured to fight recklessly!
You are too injured to fight recklessly!
You are too injured to fight recklessly!
You are too injured to fight recklessly!
You are too injured to fight recklessly!
You are too injured to fight recklessly!
You are too injured to fight recklessly!
You are too injured to fight recklessly!
You are too injured to fight recklessly!
You are too injured to fight recklessly!
You are too injured to fight recklessly!
You are too injured to fight recklessly!
You are too injured to fight recklessly!
You are too injured to fight recklessly!
Robin hits you with a +0 trident!
* * * LOW HITPOINT WARNING * * *
You redirect the goblin's attack!
The goblin barely misses itself.
Robin hits you from afar with a +0 trident.
* * * LOW HITPOINT WARNING * * *
The goblin closely misses you.
Robin roars a battlecry!
The hobgoblin goes into a battle-frenzy!
The goblin unwields a +0 club.
The goblin wields a +0 hunting sling.
The goblin shoots a stone.
The stone hits you.
You die...

...####.########.###########
...####.# #.# #.......#
.....##.########.###.###.###
.................g.....#.#
...#.##.########.###.#.#.#
...#..#.#......g.# #.#.#.#
...##.#.##.####gg# #†#.#.#
#####.#...<.)....# #.#.#.#
#.####.#.###@# #g#.#.# #†.#
#.#.....# #.#.#.#
##.###.####..# #g#.#.#
#..##.####..# #.#...#
#.......##..###.########
#.......##...##......).#
#.......##...#########)#
#.......##..(# #.#
#.......##..## #.#


You could see Robin, a hobgoblin (strong) and 2 goblins.

Vanquished Creatures
  An adder (D:1)
  A dart slug (D:1)
  3 endoplasms
  5 goblins (D:2)
  4 hobgoblins
  6 jackals (D:2)
  A kobold (D:2)
  A quokka (D:1)
  5 ball pythons
  2 bats (D:1)
  A frilled lizard (D:2)
  2 rats
32 creatures vanquished.

Notes
Turn   | Place    | Note
-------+----------+-------------------------------------------
     0 | D:1      | Gabide the Human Monk began the quest for the Orb.
     0 | D:1      | Reached XP level 1. HP: 18/18 MP: 1/1
   192 | D:1      | Reached XP level 2. HP: 23/24 MP: 2/2
   281 | D:1      | Found a faded altar of an unknown god.
   339 | D:1      | Prayed at the altar of an unknown god.
   339 | D:1      | Became a worshipper of Ru the Awakened
   347 | D:1      | Gained mutation: You are sensitive to extremes of
                  | temperature. (rF-, rC-) [Ru sacrifice]
   347 | D:1      | Reached * piety under Ru
   347 | D:1      | Reached ** piety under Ru
   987 | D:1      | Reached XP level 3. HP: 13/29 MP: 3/3
  1873 | D:2      | Noticed Robin
  2254 | D:2      | Shot with a stone by a goblin

Illustrated notes

Levels and vault maps discovered:
D:1:      mrwooster_arrival_arrow, layout_basic,
          shapermc_ecumenical_altar_totnotflames, minmay_misc_feat_cross,
          minmay_misc_feat_encased
D:2:      layout_basic, glass_columns_c, grunt_decor_clamped,
          minmay_misc_feat_rows, minmay_tripent, uniq_robin

Action                   || total
-------------------------++-------
Melee: Spear             ||   134
       Punch             ||     3
Invok: Sacrifice Resista ||     1
 Stab: Invisible         ||     1
       Sleeping          ||     1
Armor: Robe              ||    15
Dodge: Dodged            ||    64
